[Event "*** Titled Tuesday Blitz"]
[Site "Chess.com"]
[Date "2020.11.10"]
[Round "7"]
[White "BegmuratovKh2010"]
[Black "davidkalashian"]
[Result "1-0"]
[WhiteElo "2458"]
[BlackElo "2580"]
[TimeControl "180+1"]
[EndTime "11:23:15 PST"]
[Termination "BegmuratovKh2010 won on time"]

1. d4 Nf6 2. c4 e6 3. Nc3 Bb4 4. Nf3 b6 5. Bd2 O-O 6. e3 Bb7 7. Bd3 d5 8. cxd5 exd5 9. Qc2 Nbd7 10. Ne5 a6 11. f4 c5 12. a3 Bxc3 13. bxc3 c4 14.
Bf5 g6 15. Bxd7 Nxd7 16. h4 Nf6 17. O-O-O Bc8 18. Rdg1 Bf5 19. Qd1 h5 20. Kb2 Ng4 21. Qf3 Rc8 22. Ka2 Kg7 23. Rf1 Be4 24. Qg3 f5 25.
Nxg4 fxg4 26. Rc1 Qd7 27. Qe1 b5 28. Rg1 a5 29. Kb2 Rb8 30. Ra1 Rb7 31. Kc1 Rfb8 32.
Qd1 Qe7 33. Ra2 Qxh4 34. g3 Qe7 35. Be1 Qd7 36. Kd2 Kh7 37. Qc1 b4 38. cxb4 axb4 39. axb4 Rxb4 40. Ke2 Rb1 41. Bc3 Rxc1 42. Rxc1 Qb5 43.
Rca1 Qb3 44. Ra7+ Rb7 45. Rxb7+ Qxb7 46. Kd2 Qb3 47. Ra7+ Kg8 48. Ba5 Kf8 49. Ra8+ 1-0

[Event "*** Titled Tuesday Blitz"]
[Site "Chess.com"]
[Date "2020.11.10"]
[Round "7"]
[White "Flopezin"]
[Black "xberli"]
[Result "1-0"]
[WhiteElo "2409"]
[BlackElo "2524"]
[TimeControl "180+1"]
[EndTime "11:23:15 PST"]
[Termination "Flopezin won by resignation"]

1. c4 Nf6 2. Nc3 g6 3. e4 e5 4. Nf3 Bg7 5. Nxe5 O-O 6. Nf3 Re8 7. d3 c6 8. Be2 d5 9. cxd5 cxd5 10. Bg5 d4 11. Nd5 Nbd7 12. O-O h6 13. Nxf6+ Nxf6 14. Bd2 Be6 15. Qa4 Nd7 16. Rfc1 b6 17. Nxd4 Nc5 18.
Nxe6 Nxa4 19. Nxd8 Raxd8 20. Bc3 f5 21. f3 Rd7 22.
Bxg7 Kxg7 23. b3 Nc5 24. Rd1 Ne6 25. exf5 gxf5 26. d4 Rxd4 27. Bc4 Rxd1+ 28. Rxd1 Nf4 29. Rd7+ Kf6 30. g3 Ng6 31. Rf7+ Kg5 32. Rxa7 f4 33. Bf7 Re1+ 34. Kf2 Rb1 35. Bxg6 Rb2+ 36. Kg1 Kxg6 37. gxf4 h5 38. Ra6 Kf5 39. Rxb6 Kxf4 40. Ra6 h4 41.
Rf6+ Ke3 42. Rh6 Kxf3 43. Rf6+ Kg4 44. Rf2 Rb1+ 45. Rf1 Rb2 46. Ra1 h3 47. a4 Rxb3 48.
a5 Rb7 49. Kf2 Rb2+ 50. Kg1 Rb7 51. a6 Ra7 52. Kf2 Kf4 53. Ra4+ Ke5 54. Kg3 Kd5 55. Kxh3 Kc5 56. Kg3 Kb5 57. Ra1 Rg7+ 58. Kf2 Rf7+ 59.
Kg2 Rg7+ 60. Kh1 Ra7 61. Kg2 Kb4 62. Kf3 Rf7+ 63. Ke4 Re7+ 64. Kd5 Ra7 65. Kc6 Rh7 66. a7 Rh6+ 67. Kd5 Rh5+ 68. Ke4 Rh4+ 69. Kf3 Rxh2 70. a8=Q Rh3+ 71. Kg2 Rb3 1-0

[Event "*** Titled Tuesday Blitz"]
[Site "Chess.com"]
[Date "2020.11.10"]
[Round "7"]
[White "zaur-mammadov"]
[Black "hansen"]
[Result "0-1"]
[WhiteElo "2623"]
[BlackElo "2890"]
[TimeControl "180+1"]
[EndTime "11:23:16 PST"]
[Termination "hansen won by resignation"]

1. e4 c5 2. c3 Nf6 3. e5 Nd5 4. Nf3 Nc6 5. d4 cxd4 6. cxd4 d6 7. Bc4 Nb6 8. Bb5 dxe5 9. Nxe5 Bd7 10. Nxd7 Qxd7 11. Nc3 e6 12. O-O Be7 13. Qg4 O-O 14.
Bxc6 bxc6 15. Bh6 Bf6 16. Rfd1 Kh8 17. Ne4 Qd8 18. Bf4 Nd5 19. Nxf6 gxf6 20. Rac1 Rg8 21. Qf3 Qa5 22. a3 Qb5 23. Rc2 Qa4 24. Rcc1 a5 25.
Bg3 Qb5 26. Rc2 a4 27. Rdc1 Rg6 28. h3 Rd8 29. Rxc6 Qxb2 30. Rc8 Rxc8 31. Rxc8+ Kg7 32. Bd6 h6 33. Bf8+ Kh7 34. Bc5 Qb1+ 35. Kh2 Qb7 36. Re8 Kg7 37. Bf8+ Kh7 38. Bc5 Qc7+ 39. g3 f5 40. Ra8 Qc6 41. Rf8 Kg7 42. Rd8 f4 43. g4 Qc7 44. Ra8 Qc6 45. Rd8 Qb5 46. Qe4 Qf1 47. Qg2 Qd3 48. Bf8+ Kh7 49. Rxd5 f3 50. Qg3 exd5 51. Qf4 Kg8 52. Bc5 Qe4 53.
Qb8+ Kh7 54. Qa7 Qf4+ 55. Kg1 Re6 56. Bb4 Rc6 57. Bc5 Re6 58. Bb4 h5 59. Qd7 hxg4 60.
Qxd5 gxh3 61. Qh5+ Rh6 62. Qe5 h2+ 63. Kh1 Qg4 64. Qg3 Qxg3 65. fxg3 f2 0-1

[Event "*** Titled Tuesday Blitz"]
[Site "Chess.com"]
[Date "2020.11.10"]
[Round "7"]
[White "LiamVrolijk"]
[Black "azikom"]
[Result "1-0"]
[WhiteElo "2805"]
[BlackElo "2550"]
[TimeControl "180+1"]
[EndTime "11:23:20 PST"]
[Termination "LiamVrolijk won by checkmate"]

1. e4 e5 2. Nf3 Nc6 3. Bc4 Bc5 4. O-O d6 5. c3 Bb6 6. d4 Qe7 7. a4 a6 8. Bg5 Nf6 9. Re1 O-O 10. h3 Re8 11. Bb3 h6 12. Bh4 g5 13. Nxg5 hxg5 14. Bxg5 Kg7 15. Nd2 exd4 16. e5 Nxe5 17. Ne4 Nxe4 18.
Bxe7 Nxf2 19. Kxf2 dxc3+ 20. Kf1 Rxe7 21. bxc3 Bf5 22.
Bc2 Bg6 23. Rb1 Rd8 24. Rxb6 cxb6 25. Bxg6 fxg6 26. Qd4 b5 27. axb5 axb5 28. Kg1 Re6 29. Rb1 Rd7 30. Rxb5 Rf7 31. Kh2 Ref6 32. Rd5 Rf4 33.
Qe3 Nc4 34. Qe6 R4f6 35. Qe2 Ne5 36. Rb5 Rf2 37. Qe4 Nf3+ 38. Kg3 Nd2 39. Qd4+ Kh7 40.
h4 Nf1+ 41. Kh3 Rd2 42. Qe4 d5 43. Rxd5 Rxd5 44. Qxd5 Re7 45. g3 Ne3 46. Qd6 Nf5 47. Qb4 Re3 48. Qxb7+ Kh6 49. Qc7 Rd3 50. Qf4+ Kh7 51.
c4 Rd4 52. Qc7+ Kh6 53. c5 Rc4 54. c6 Rc3 55. Qe5 Rxc6 56. Qh8# 1-0

[Event "*** Titled Tuesday Blitz"]
[Site "Chess.com"]
[Date "2020.11.10"]
[Round "7"]
[White "ARTHURMOTIVATOR"]
[Black "mjray79"]
[Result "1/2-1/2"]
[WhiteElo "2363"]
[BlackElo "2495"]
[TimeControl "180+1"]
[EndTime "11:23:21 PST"]
[Termination "Game drawn - insufficient material"]

1. e4 e5 2. Nc3 Nf6 3. g3 Nc6 4.
Bg2 Bc5 5. Nge2 h5 6. h3 d6 7. d3 a6 8. O-O Be6 9. Nd5 Bxd5 10. exd5 Ne7 11. c4 Nf5 12. b4 Bxb4 13. Rb1 Bc5 14.
Rxb7 h4 15. g4 Ng3 16. Nxg3 hxg3 17. Be3 gxf2+ 18. Bxf2 Bxf2+ 19. Rxf2 Nh7 20. d4 Ng5 21. dxe5 Nxh3+ 22. Bxh3 Rxh3 23. exd6 Qxd6 24. Rb3 Rxb3 25. axb3 Qg3+ 26. Kf1 Qh3+ 27. Kg1 Qg3+ 28. Kf1 Kf8 29.
Qf3 Qxf3 30. Rxf3 Ke7 31. Ke2 f6 32. Kd3 Re8 33. Ke3 Kd7+ 34. Kd4 Re1 35. g5 Rd1+ 36. Kc5 fxg5 37. Rf7+ Kd8 38. Rxg7 Rb1 39. b4 Rg1 40. Rg6 g4 41. Rxa6 g3 42. Rg6 g2 43. b5 Kd7 44.
Rg7+ Kd8 45. Rg8+ Kd7 46. Rg7+ Kd8 47. Rg4 Kd7 48. Rg6 Kd8 49. Rg7 Ke8 50. Kc6 Rc1 51. Rxg2 Rxc4+ 52. Kb7 Kd7 53. Rg7+ Kd6 54. Rg6+ Kxd5 55.
b6 cxb6 56. Rxb6 Rd4 57. Rb5+ Kc4 58. Rb6 Rh4 59. Rc6+ Kd5 60. Rg6 Rh7+ 61. Kb6 Ke5 62. Rc6 Re7 63. Rc7 Re6+ 64. Rc6 Rxc6+ 65. Kxc6 1/2-1/2

[Event "*** Titled Tuesday Blitz"]
[Site "Chess.com"]
[Date "2020.11.10"]
[Round "7"]
[White "Chernov_Mikhail"]
[Black "gui_borba"]
[Result "1-0"]
[WhiteElo "2349"]
[BlackElo "2423"]
[TimeControl "180+1"]
[EndTime "11:23:22 PST"]
[Termination "Chernov_Mikhail won on time"]

1. e4 c6 2. d4 d5 3. e5 Bf5 4.
h4 h5 5. c4 e6 6. Nc3 dxc4 7.
Bxc4 Nd7 8. Bg5 Be7 9. Qd2 Nb6 10. Bb3 Nd5 11. Nge2 Nh6 12. O-O Qb6 13. Ng3 Bg6 14.
Nce4 Nf5 15. Nxf5 Bxf5 16. Bxe7 Nxe7 17. Nd6+ Kf8 18. Rad1 Bg6 19. Qf4 Nf5 20. Bc2 Qxb2 21. Bxf5 Bxf5 22. Nxf5 exf5 23. Rb1 Qxa2 24. Rxb7 Qe6 25.
Rfb1 Kg8 26. Qg5 Qg6 27. Qe7 a5 28. Ra1 a4 29. Rb6 a3 30. Rxa3 Kh7 31. Rg3 Qe6 32.
Qxe6 fxe6 33. Rxc6 Rae8 34. Rc7 Rhg8 35. Rg5 Kh6 36.
Rd7 Rb8 37. Rd6 Rbe8 38. Kh2 g6 39. Rg3 Rg7 40. Rc3 g5 41. Rcc6 Rge7 42. d5 gxh4 43. Rxe6+ Kg5 44. g3 hxg3+ 45. Kxg3 Rxe6 46. Rxe6 f4+ 47.
Kf3 Ra8 48. Re7 Ra3+ 49. Ke4 Ra4+ 50. Kf3 Ra3+ 51. Kg2 h4 52. d6 h3+ 53. Kh2 Kg4 54. Rg7+ Kf5 55. d7 Rd3 56. Re7 f3 57. e6 Kf6 58.
Re8 1-0

[Event "*** Titled Tuesday Blitz"]
[Site "Chess.com"]
[Date "2020.11.10"]
[Round "7"]
[White "BikingBrian"]
[Black "anon481216"]
[Result "0-1"]
[WhiteElo "2280"]
[BlackElo "2406"]
[TimeControl "180+1"]
[EndTime "11:23:24 PST"]
[Termination "anon481216 won by resignation"]

1. d4 Nf6 2. Bg5 Ne4 3. Bf4 c5 4. f3 Qa5+ 5. c3 Nf6 6. d5 e6 7. e4 exd5 8. exd5 d6 9. Qd2 Be7 10. c4 Qxd2+ 11. Kxd2 Nh5 12. Be3 f5 13. Ne2 O-O 14. Ng3 Nf6 15. Bf2 Na6 16. Nc3 Nc7 17. Bd3 g6 18. Rae1 Re8 19. h4 Bd7 20. h5 Bf8 21. hxg6 hxg6 22. Be3 Bg7 23. Bf4 Bf8 24.
Rxe8 Rxe8 25. Re1 Rb8 26. a4 a6 27. Kc2 Kf7 28. a5 b5 29. axb6 Rxb6 30. Ra1 Bg7 31. Nge2 Nh5 32. Bh2 Ne8 33. Na4 Rb4 34. Nec3 f4 35.
b3 Nef6 36. Re1 Rb8 37. Rg1 Be8 38. g4 fxg3 39. Bxg3 Ke7 40. Bh4 Nf4 41. Bf1 Bd7 42. Ne4 Bf5 43. Bg5 Nh5 44. Bd3 Kd7 45. Bd2 Re8 46.
Nac3 Nxe4 47. Nxe4 Be5 48. Ra1 Ra8 49. Rg1 Nf4 50. Bxf4 Bxf4 51. Rh1 Be5 52. Rh7+ Ke8 53. Ng5 Kf8 54. Bxf5 gxf5 55. Rh8+ Bxh8 56. Ne6+ Ke7 57.
Nc7 Ra7 58. Ne6 Be5 59. Ng5 a5 60. Ne6 a4 61. bxa4 Rxa4 62. Nc7 Rxc4+ 63. Kd3 Rf4 64.
Ke3 Rd4 65. Nb5 Rb4 66. f4 Rxb5 67. fxe5 dxe5 68. Kf3 Kd6 69. Ke3 Kxd5 0-1

[Event "*** Titled Tuesday Blitz"]
[Site "Chess.com"]
[Date "2020.11.10"]
[Round "7"]
[White "KyrgyzFighter"]
[Black "ukchessbomber"]
[Result "1/2-1/2"]
[WhiteElo "2348"]
[BlackElo "2237"]
[TimeControl "180+1"]
[EndTime "11:23:26 PST"]
[Termination "Game drawn - insufficient material"]

1. c4 Nf6 2. Nc3 g6 3. e4 Bg7 4. d4 d6 5. f3 O-O 6. Be3 c5 7. d5 e6 8. Nge2 exd5 9. cxd5 Re8 10. Ng3 h5 11. Be2 Nbd7 12. O-O Ne5 13. a4 a6 14. Qd2 Rb8 15. h3 Bd7 16. f4 Neg4 17.
hxg4 Nxg4 18. Bxg4 Bxg4 19. f5 Qh4 20. Nh1 Be5 21.
g3 Bxg3 22. Bg5 Qh3 23. fxg6 fxg6 24. Nxg3 Qxg3+ 25. Qg2 Qd3 26. Bf4 Rbd8 27. Rae1 Kh7 28. Rf2 b5 29. axb5 axb5 30. Ref1 b4 31. Ne2 Rxe4 32.
Bg5 Rd7 33. Nf4 Qd4 34. Ne6 Bxe6 35. dxe6 Rxe6 36. Kh1 Kg7 37. Bf6+ Rxf6 38. Rxf6 Qh4+ 39. Qh2 Qe4+ 40. R6f3 Rf7 41. Qg3 h4 42. Qg2 Re7 43. Rf7+ Kh6 44. Qxe4 Rxe4 45. Rd7 Rd4 46. Rff7 Kh5 47.
Rg7 g5 48. Rde7 Kg4 49. Re2 Rd3 50. Rf7 Kg3 51. Rg2+ Kh3 52. Rf1 Re3 53. Rfg1 Rg3 54.
Rxg3+ hxg3 55. Rd1 Kg4 56. Rxd6 Kf3 57. Kg1 Ke3 58. Rd5 c4 59. Rxg5 c3 60. bxc3 bxc3 61. Rxg3+ Kd2 62. Rg2+ Kd1 63. Kf2 c2 64. Rg1+ Kd2 65.
Kf3 c1=Q 66. Rxc1 Kxc1 1/2-1/2

[Event "*** Titled Tuesday Blitz"]
[Site "Chess.com"]
[Date "2020.11.10"]
[Round "7"]
[White "redbaron8888"]
[Black "XDPS"]
[Result "0-1"]
[WhiteElo "2540"]
[BlackElo "2788"]
[TimeControl "180+1"]
[EndTime "11:23:27 PST"]
[Termination "XDPS won by resignation"]

1. e4 c5 2. Nf3 d6 3. c3 Nf6 4. h3 Nbd7 5. Bd3 b6 6. O-O Bb7 7. Re1 Qc7 8. Bc2 Rc8 9. a4 a6 10. Na3 e6 11. d4 cxd4 12. cxd4 d5 13. exd5 Bxd5 14. Bb3 Be7 15. Bg5 Qb7 16. Bxd5 Qxd5 17.
Ne5 O-O 18. Nxd7 Qxd7 19. Qb3 Bxa3 20. Bxf6 gxf6 21. Rxa3 Qxd4 22. Qg3+ Kh8 23. Rd3 Qxb2 24. Re4 Rg8 25. Qh4 f5 26. Red4 Qc1+ 27. Kh2 Qg5 28. Qxg5 Rxg5 29. Rb4 Rb8 30. Rd6 Rgg8 31. Rbxb6 Rxb6 32. Rxb6 Ra8 33. Kg3 Kg7 34. Kf4 Kf6 35. g4 fxg4 36.
hxg4 h6 37. f3 a5 38. Rb5 Ra6 39. Ke4 Kg6 40. f4 Kf6 41. Rc5 Ra8 42. Rb5 Kg6 43.
Rc5 Kf6 44. Rb5 Rc8 45. Rxa5 Rc1 46. Ra8 Rg1 47. Kf3 Rf1+ 48. Kg3 Rg1+ 49. Kf3 Rf1+ 50.
Kg3 Ra1 51. a5 Ra3+ 52. Kf2 Ra4 53. Kf3 Ra3+ 54. Ke2 Rg3 55. a6 Rxg4 56. a7 Rg2+ 57. Kf3 Ra2 58. Kg4 Ra5 59. Kf3 Kf5 60. Kg3 Ra3+ 61. Kf2 Kxf4 62. Ke2 e5 63. Kd2 f5 64. Kc2 e4 65. Kb2 Ra5 66. Kb3 Ke3 67. Kb4 Ra1 68.
Kb3 f4 69. Kb2 Ra6 70. Kb3 f3 71. Kb4 f2 72. Kb5 Ra1 0-1

[Event "*** Titled Tuesday Blitz"]
[Site "Chess.com"]
[Date "2020.11.10"]
[Round "7"]
[White "nakajo"]
[Black "vinniethepooh"]
[Result "1-0"]
[WhiteElo "2467"]
[BlackElo "2594"]
[TimeControl "180+1"]
[EndTime "11:23:27 PST"]
[Termination "nakajo won by resignation"]

1. Nf3 d5 2. g3 c6 3. Bg2 Nf6 4. O-O g6 5. d4 Bg7 6. c4 dxc4 7. Na3 b5 8. b3 cxb3 9. axb3 O-O 10. Nc2 Be6 11. Nb4 Nd5 12. Nd3 Nc3 13. Qc2 Ne4 14. Nfe5 f5 15. Bb2 Qd5 16. Nc5 Rc8 17. Rfc1 Nd7 18.
Nxe4 fxe4 19. Bxe4 Qd6 20. Nxc6 Nb6 21. Ba3 Qd7 22.
Nxe7+ Kf7 23. Nxc8 Rxc8 24. Qd3 Qxd4 25. Qxd4 Bxd4 26.
Rxc8 Nxc8 27. Rd1 Bb6 28. Bd5 Bxd5 29. Rxd5 Ke6 30. Rxb5 a6 31. Rb4 Kd7 32. Rc4 Na7 33. Bc5 Bxc5 34. Rxc5 Nb5 35. e3 Kd6 36. Rc4 Nc7 37.
Kf1 Nd5 38. Ke2 Nb6 39. Rd4+ Kc5 40. Rh4 Nd5 41. Rxh7 Nc3+ 42. Kd3 Kb4 43. Rb7+ Nb5 44. h4 Kxb3 45. Rb6 Kb4 46. Rxa6 Nc7 47. Rxg6 Nd5 48. Rg5 Ne7 49. h5 Nc6 50. h6 Nd8 51. h7 Ne6 52. Rh5 Ng7 53. Rh6 Nf5 54. Rh5 Ng7 55. h8=Q Ne8 56.
Qxe8 Ka3 57. Rb5 Ka4 58. Qc6 1-0

[Event "*** Titled Tuesday Blitz"]
[Site "Chess.com"]
[Date "2020.11.10"]
[Round "7"]
[White "ShahMatKanal"]
[Black "stepanosinovsky"]
[Result "1-0"]
[WhiteElo "2505"]
[BlackElo "2360"]
[TimeControl "180+1"]
[EndTime "11:23:27 PST"]
[Termination "ShahMatKanal won by checkmate"]

1. d4 Nf6 2. Nf3 g6 3. c4 Bg7 4. Nc3 O-O 5. e4 d6 6. Be2 Nbd7 7. O-O e5 8. d5 Nc5 9. Qc2 a5 10. Bg5 h6 11. Be3 Ng4 12. Bxc5 dxc5 13. h3 Nf6 14.
Nxe5 Nxd5 15. cxd5 Bxe5 16. f4 Bd4+ 17. Kh2 Bd7 18.
Rad1 h5 19. e5 Qh4 20. Ne4 Bf5 21. Bd3 Kg7 22. Nf6 Be3 23. Bxf5 Bxf4+ 24. Kh1 Bxe5 25. Nd7 Bd6 26. Nxf8 Rxf8 27. Qc3+ Kg8 28. Bc2 Re8 29. Qf3 Re7 30. a4 Qb4 31. b3 Qh4 32. Qf2 Qg5 33.
Rde1 Rxe1 34. Qxe1 Qxd5 35. Qf2 f5 36. Bd1 Qe5 37. g3 Qd5+ 38. Qf3 Qd2 39. Be2 b6 40. Bc4+ Kg7 41. Qd5 Qe3 42. Qg8+ Kf6 43. Qd8+ Ke5 44.
Qe8+ Kd4 45. Qxe3+ Kxe3 46. Kg2 Kd2 47. Rf2+ Kc3 48. h4 c6 49. Re2 b5 50. axb5 cxb5 51. Bxb5 Kxb3 52. Re6 Bc7 53. Rxg6 Kb4 54. Bc6 c4 55. Rg5 c3 56. Rxf5 c2 57. Rf1 Kb3 58. Be4 Kb2 59. Rf2 Be5 60. Rxc2+ Kb3 61. Rc5 Bd4 62.
Rxa5 Kb4 63. Rxh5 Kc3 64. Rd5 Kd2 65. Rxd4+ Ke3 66. Ra4 Ke2 67. h5 Ke1 68. h6 Ke2 69. h7 Ke1 70. h8=Q Ke2 71. Qc3 Kd1 72. Bf3# 1-0

[Event "*** Titled Tuesday Blitz"]
[Site "Chess.com"]
[Date "2020.11.10"]
[Round "7"]
[White "wonderfultime"]
[Black "Fins0905"]
[Result "1-0"]
[WhiteElo "2934"]
[BlackElo "2630"]
[TimeControl "180+1"]
[EndTime "11:23:30 PST"]
[Termination "wonderfultime won on time"]

1. d4 d5 2. Nf3 Nf6 3. Bf4 c5 4. c3 cxd4 5. cxd4 Nc6 6. e3 e6 7. Nc3 Bd6 8. Bg3 O-O 9. Bd3 Bxg3 10. hxg3 h6 11. Rc1 Qd6 12. O-O Bd7 13. a3 Rac8 14. Qe2 a6 15. Rc2 Rc7 16. Rfc1 Rfc8 17. Qe1 Be8 18. Ne2 Ne7 19. Rxc7 Rxc7 20. Rxc7 Qxc7 21.
Qb4 a5 22. Qb3 b6 23. Nc3 Kf8 24. Qc2 Ng4 25. Be2 f5 26. Bd3 g5 27. Qe2 Kg7 28.
Ne1 Bh5 29. Qd2 Be8 30. Be2 Nf6 31. Nd3 Ng6 32. Bf3 h5 33. Qd1 g4 34. Be2 Bd7 35. Bf1 Be8 36. Ne2 Ne4 37. Nef4 Nxf4 38. Nxf4 Bf7 39. Bd3 Nf6 40. Qd2 Qc6 41. b4 a4 42. b5 Qd6 43. Qc3 Nd7 44. Bc2 e5 45. Ne2 e4 46. Nf4 Nf6 47. Bxa4 Qb8 48. Bb3 Qa8 49. a4 Qa7 50. Kh2 Qd7 51. Qc6 Qxc6 52. bxc6 Ne8 53. Bxd5 Nc7 54. Bxf7 Kxf7 55. Nxh5 Ke6 56.
Kg1 Kd6 57. Ng7 Kxc6 58. Nxf5 Nd5 59. f3 exf3 60. gxf3 gxf3 61. g4 Nc3 62. g5 Ne4 63. g6 Kd5 64. g7 Nf6 65. Kf2 Ke4 66. Nh6 Kd5 67. g8=Q+ Nxg8 68. Nxg8 Ke4 69. Nf6+ Kf5 70. Nd7 1-0

[Event "*** Titled Tuesday Blitz"]
[Site "Chess.com"]
[Date "2020.11.10"]
[Round "7"]
[White "Msb2"]
[Black "Matibar"]
[Result "0-1"]
[WhiteElo "2890"]
[BlackElo "2784"]
[TimeControl "180+1"]
[EndTime "11:23:31 PST"]
[Termination "Matibar won by checkmate"]

1. d4 d5 2. Nf3 e6 3. Bf4 Bd6 4. e3 Ne7 5. Bd3 b6 6. c3 Bxf4 7. exf4 Qd6 8. g3 c5 9. Nbd2 f6 10. a3 O-O 11. h4 Ba6 12. Qe2 Bxd3 13. Qxd3 Nbc6 14. h5 e5 15. dxe5 fxe5 16. Nc4 Qe6 17. Ncxe5 Nxe5 18. Nxe5 Nc6 19. O-O-O Nxe5 20. fxe5 Rxf2 21.
Qxd5 Re8 22. Rhe1 h6 23. c4 Rf5 24. g4 Rg5 25. Re4 Kh7 26. Qxe6 Rxe6 27. Rd5 g6 28. Rd7+ Kg8 29. hxg6 Rgxe5 30. Rxe5 Rxe5 31. Rh7 Re4 32. b3 Rxg4 33. Rxh6 Kg7 34. Rh7+ Kxg6 35. Rxa7 Kf5 36. Rd7 Ke4 37. a4 Rg2 38. Rd6 Ke3 39. Kb1 Rh2 40. Kc1 Rg2 41. Kd1 Rb2 42. Rxb6 Kd3 43. Ke1 Ke3 44. Kf1 Kf3 45. Rf6+ Ke3 46. Re6+ Kd4 47. Rb6 Ra2 48. Rb5 Ra3 49. a5 Ra2 50. Kg1 Rb2 51. a6 Ra2 52. Rb6 Ke3 53. b4 cxb4 54. Rxb4 Kd4 55.
Rb6 Kc5 56. Kf1 Kxb6 57. a7 Kxa7 58. c5 Kb7 59. c6+ Kxc6 60. Ke1 Kc5 61. Kd1 Kb4 62.
Kc1 Kb3 63. Kb1 Rb2+ 64. Kc1 Re2 65. Kd1 Rc2 66. Ke1 Kc3 67. Kf1 Kd3 68. Kg1 Ke3 69. Kh1 Rf2 70. Kg1 Kf3 71. Kh1 Kg3 72. Kg1 Rf3 73.
Kh1 Rf1# 0-1

[Event "*** Titled Tuesday Blitz"]
[Site "Chess.com"]
[Date "2020.11.10"]
[Round "7"]
[White "FMJoseHerrera"]
[Black "SerGo055"]
[Result "0-1"]
[WhiteElo "2567"]
[BlackElo "2459"]
[TimeControl "180+1"]
[EndTime "11:23:31 PST"]
[Termination "SerGo055 won on time"]

1. Nf3 Nf6 2. g3 d5 3. Bg2 c6 4. d3 Bf5 5. O-O h6 6. c3 e6 7. Qb3 Qb6 8. Be3 Qxb3 9. axb3 a6 10. b4 Nbd7 11. Nbd2 Bd6 12. Nb3 Bh7 13. Na5 O-O-O 14. Rfc1 e5 15. h3 Rhe8 16. d4 Ne4 17. c4 dxc4 18. Nxc4 exd4 19. Nxd6+ Nxd6 20. Nxd4 Kb8 21. Bf4 Ne5 22. h4 Be4 23. f3 Bh7 24. e4 f6 25. Nb3 g5 26. hxg5 hxg5 27. Be3 g4 28. f4 Nf3+ 29. Bxf3 gxf3 30. Bb6 Rc8 31. Nc5 Re7 32.
e5 fxe5 33. fxe5 Ne4 34. Rf1 Nxg3 35. Rxf3 Rg8 36. Kh2 Ne4 37. Rg1 Rge8 38. e6 Nxc5 39. Bxc5 Rxe6 40. Rg7 Rh6+ 41. Kg3 Bg8 42. Rd3 Bd5 43.
Be3 Rf6 44. Bf4+ Ka8 45. Kg4 Re4 46. Rf3 Rxb4 47. Rf2 Ka7 48. Kg5 Re6 49. Rg8 a5 50.
Bb8+ Kb6 51. Rgf8 Rb3 52. R2f7 Re2 53. Bc7+ Ka6 54. Ra8+ Kb5 55. Rf6 Rg2+ 56. Kf4 Rf3+ 57. Ke5 Re2+ 58. Kd4 Rxf6 59. Rxa5+ Kb4 60. Ra7 Re4+ 61.
Kd3 Rf3+ 62. Kd2 b5 63. Bd6+ Kb3 64. Ra2 Kxa2 0-1

[Event "*** Titled Tuesday Blitz"]
[Site "Chess.com"]
[Date "2020.11.10"]
[Round "7"]
[White "akanga001"]
[Black "natelleka"]
[Result "1-0"]
[WhiteElo "1933"]
[BlackElo "2140"]
[TimeControl "180+1"]
[EndTime "11:23:31 PST"]
[Termination "akanga001 won on time"]

1. d4 d5 2. c4 c5 3. cxd5 Qxd5 4. Nf3 cxd4 5. Nc3 Qa5 6. Nxd4 Nf6 7. Bd2 e5 8. Nb3 Qc7 9. e4 Nc6 10. Rc1 Be6 11.
Bg5 Bb4 12. Bb5 Nxe4 13. Be3 O-O 14. O-O Nxc3 15. bxc3 Be7 16. Bd3 Rad8 17. Qe2 f5 18. Bb1 Bf6 19. Bc5 Rfe8 20. Rcd1 e4 21. Qh5 g6 22. Qh3 Ne5 23. Rxd8 Qxd8 24. Bd4 f4 25. g4 Nf3+ 26. Kh1 Nxd4 27. Nxd4 Bxd4 28. cxd4 Qxd4 29. Qh4 e3 30. fxe3 Bd5+ 31. Kg1 Qxe3+ 32. Qf2 Qxf2+ 33. Rxf2 Re1+ 34. Rf1 Rxf1+ 35. Kxf1 Kf7 36. a3 Ke6 37. Ke2 Ke5 38. Bd3 f3+ 39. Ke3 a6 40. h4 b5 41. h5 gxh5 42. gxh5 h6 43. Bf1 Bc6 44. Bd3 a5 45. Bc2 b4 46. axb4 axb4 47.
Bb3 Bd5 48. Bd1 b3 49. Kd3 b2 50. Kc2 Kf4 51. Kxb2 Ke3 52. Kc2 f2 53. Bg4 f1=Q 54.
Bd7 Qd3+ 55. Kb2 Qd4+ 56. Kc2 1-0

[Event "*** Titled Tuesday Blitz"]
[Site "Chess.com"]
[Date "2020.11.10"]
[Round "7"]
[White "Natalya_Buksa"]
[Black "German_Bazeev"]
[Result "0-1"]
[WhiteElo "2569"]
[BlackElo "2742"]
[TimeControl "180+1"]
[EndTime "11:23:33 PST"]
[Termination "German_Bazeev won by resignation"]

1. d4 Nf6 2. Nc3 d5 3. Bf4 c6 4. e3 g6 5. h4 h5 6. Nf3 Bg4 7.
Be2 Bxf3 8. Bxf3 Nbd7 9. Qe2 e6 10. O-O-O Bb4 11. Nb1 Qa5 12. a3 Be7 13. Nd2 b5 14. Nb3 Qb6 15. e4 a5 16. e5 Ng8 17. Be3 a4 18.
Nc5 Nxc5 19. dxc5 Bxc5 20. Bxc5 Qxc5 21. Rd3 b4 22. axb4 Qxb4 23. Qd2 Qxd2+ 24. Kxd2 Ne7 25.
Ra1 Nf5 26. g3 O-O 27. Rda3 Rab8 28. Kc1 Nd4 29. Bd1 c5 30. Rxa4 Nc6 31. f4 c4 32.
c3 Kg7 33. R1a2 Ne7 34. Bc2 Rb7 35. Ra7 Rfb8 36. Rxb7 Rxb7 37. Ra6 Nf5 38. Bxf5 gxf5 39. Ra8 f6 40. exf6+ Kxf6 41. Rh8 Rg7 42. Rxh5 Rxg3 43. Rh6+ Kf7 44. Rh7+ Kg6 45. Rh8 Rf3 46. h5+ Kf7 47. Rh7+ Kf6 48. Rh6+ Kf7 49. Rh7+ Ke8 50. Rh8+ Ke7 51.
Rh7+ Kd6 52. h6 Rxf4 53. Rg7 Rh4 54. h7 Ke5 55. Rf7 Rh2 56. Kd1 Ke4 57. Ke1 e5 58.
Kf1 f4 59. Kg1 Rh6 60. Kg2 Ke3 61. Rd7 e4 62. Kg1 f3 63. Rf7 Ke2 64. Rf8 Rxh7 65. Rf4 e3 66. Rf5 f2+ 67. Kg2 Rg7+ 68. Kh2 f1=Q 69. Rxf1 Kxf1 70. b4 cxb3 71. c4 dxc4 0-1

[Event "*** Titled Tuesday Blitz"]
[Site "Chess.com"]
[Date "2020.11.10"]
[Round "7"]
[White "yobdc"]
[Black "Mazetovic"]
[Result "0-1"]
[WhiteElo "2445"]
[BlackElo "2758"]
[TimeControl "180+1"]
[EndTime "11:23:36 PST"]
[Termination "Mazetovic won by checkmate"]

1. d4 Nf6 2. Nf3 g6 3. Nbd2 d5 4. b4 c6 5. e3 Bg7 6. Be2 O-O 7. a4 Nbd7 8. O-O Ne4 9. Bb2 f5 10. c4 e6 11. Qb3 Nxd2 12. Nxd2 g5 13. b5 Nf6 14. Rfc1 Bd7 15. Ba3 Rf7 16. Nf3 Ne4 17.
Ne5 Bxe5 18. dxe5 g4 19. Rd1 Qh4 20. g3 Qh5 21. Bf1 Ng5 22. Bg2 Nf3+ 23. Bxf3 gxf3 24. Qd3 Qh3 25. Qf1 Qxf1+ 26. Kxf1 dxc4 27. Rab1 cxb5 28. axb5 Rc8 29. Rdc1 Rg7 30. h3 h5 31. Rc3 h4 32.
gxh4 Rh7 33. Ke1 Rxh4 34. Kd2 Rxh3 35. e4 fxe4 36. Ke3 Kf7 37. Bd6 Rhh8 38. Rb4 Rh1 39. Kxe4 Re1+ 40. Kxf3 Rd1 41. Ke2 Rd5 42. b6 a5 43. Rb2 a4 44. Ke3 Bb5 45. f4 Ba6 46. Rb4 Rh8 47. Rcxc4 Rh3+ 48. Kf2 Bxc4 49. Rxc4 a3 50.
Rc7+ Kg6 51. f5+ Kxf5 52. Rc2 Rb5 53. Bxa3 Rxa3 54. Kg2 Rab3 55. Rc7 Rxb6 56. Kf2 Rd3 57. Ke2 Rbb3 58. Rc2 Rh3 59. Kf1 Rbf3+ 60. Kg2 Rhg3+ 61.
Kh2 Rg4 62. Kh1 Rh3+ 63. Rh2 Rxh2+ 64. Kxh2 Rf4 65. Kh3 Kxe5 66. Kh2 Ke4 67. Kg2 b5 68. Kg3 b4 69. Kg2 b3 70. Kg3 b2 71. Kh2 b1=Q 72.
Kg2 Qc2+ 73. Kg3 Qd3+ 74. Kg2 Qf3+ 75. Kh2 Rh4+ 76. Kg1 Rh1# 0-1

[Event "*** Titled Tuesday Blitz"]
[Site "Chess.com"]
[Date "2020.11.10"]
[Round "7"]
[White "Mr_Sinigami"]
[Black "MarcoRiehle"]
[Result "0-1"]
[WhiteElo "2528"]
[BlackElo "2675"]
[TimeControl "180+1"]
[EndTime "11:23:41 PST"]
[Termination "MarcoRiehle won on time"]

1. d4 d5 2. Nf3 e6 3. Bf4 Bd6 4.
Bg3 c5 5. e3 Nf6 6. Nbd2 O-O 7.
c3 Nc6 8. Bb5 a6 9. Bxc6 bxc6 10.
Qa4 cxd4 11. exd4 c5 12. Bxd6 Qxd6 13. Qa3 Nd7 14. Nb3 Rb8 15. Nxc5 Nxc5 16. dxc5 Qf4 17. O-O e5 18. Rfe1 f6 19. b4 Bg4 20. Qc1 Qc4 21. Nd2 Qb5 22. a3 a5 23. Nb3 a4 24. Nd2 Be6 25. Qc2 Rfd8 26. Rac1 Qc6 27. h3 g6 28.
Nf1 d4 29. cxd4 Rxd4 30. Ne3 Rbd8 31. Qe2 Rd3 32. Ra1 e4 33. Rec1 f5 34. Nc4 Bxc4 35. Rxc4 Kg7 36. Qb2+ Kh6 37. Qe5 R3d5 38. Qf4+ g5 39.
Qg3 Kg6 40. h4 h6 41. Rcc1 f4 42. Qg4 h5 43. Qe2 Rd2 44. Qc4 e3 45. f3 g4 46.
b5 Rxg2+ 47. Kh1 Rg1+ 48. Kxg1 Qxf3 49. Qe6+ Kg7 50. Qe7+ Kg6 51. Qg5+ Kf7 52. Qxh5+ Ke6 53. Qg6+ Ke5 54. Qg5+ Ke6 55. Qg6+ Ke5 56. Rc2 Qg3+ 57. Rg2 Qxg2+ 58. Kxg2 Rd2+ 59. Kg1 g3 60. Qg5+ Ke4 61. Rf1 e2 62. Qxf4+ Kd3 63. Rf3+ Kc2 64. Qf5+ Kd1 65. Rf1+ e1=Q 0-1